 Dungeon Crawl Stone Soup version 0.31.0-32-g396128a36d (webtiles) character file.

Game seed: 10222420857495643167

23704 Doomgape the Basher (level 13, -2/79 HPs)
             Began as a Gargoyle Fighter on Mar 30, 2024.
             Was an Elder of Hepliaklqana.
             Killed by angry trees
             ... awakened by a spriggan druid
              (10 damage)
             ... on level 2 of the Lair of Beasts.
             The game lasted 00:30:56 (10313 turns).

Doomgape the Basher (Gargoyle Fighter)             Turns: 10313, Time: 00:30:56

Health: -2/79      AC: 36    Str: 28    XL:     13   Next: 8%
Magic:  13/13      EV:  9    Int: 10    God:    Hepliaklqana [****..]
Gold:   814        SH:  0    Dex:  9    Spells: 12/12 levels left

rFire   + . .        i - +5 dire flail (freeze)
rCold   . . .        (shield currently unavailable)
rNeg    + . .        v - +3 chain mail
rPois   ∞            k - +2 helmet
rElec   +            t - +2 cloak
rCorr   .            (no gloves)
SInv    .            y - +2 pair of boots
Will    +....        (no amulet) Stlth
                     B - ring "Saledub" {rElec rF+ Will+ Str+4}
HPRegen 0.33/turn    (no ring)
MPRegen 0.13/turn

%: no passive effects
@: studying Maces & Flails
A: reduced essence, sickness immunity, AC +9, negative energy resistance 1,
electricity resistance, torment resistance 1, petrification resistance
a: Renounce Religion, Recall Ancestor, Ancestor Identity, Transference, Idealise


You were on level 2 of the Lair of Beasts.
You worshipped Hepliaklqana.
Hepliaklqana was greatly pleased with you.
You visited 3 branches of the dungeon, and saw 13 of its levels.

You collected 814 gold pieces.

Inventory:

Hand Weapons
 a - a +1 flail of protection
 i - a +5 dire flail of freezing (weapon)
Missiles
 h - 2 throwing nets (quivered)
Armour
 c - a +0 buckler
 k - a +2 helmet (worn)
 t - a +2 cloak (worn)
 v - a +3 chain mail (worn)
 x - a +0 kite shield
 y - a +2 pair of boots (worn)
Jewellery
 B - the ring "Saledub" (left hand) {rElec rF+ Will+ Str+4}
   (You acquired it on level 2 of the Lair of Beasts)

   [ring of willpower]

   Str+4:     It affects your strength (+4).
   rF+:       It protects you from fire.
   rElec:     It insulates you from electricity.
   Will+:     It increases your willpower.
Wands
 b - a wand of charming (17)
 n - a wand of mindburst (3)
 q - a wand of flame (22)
 s - a wand of digging (3)
 w - a wand of roots (2)
Scrolls
 e - a scroll of revelation
 f - 2 scrolls of teleportation
 o - 3 scrolls of vulnerability
 r - 5 scrolls of identify
 z - a scroll of blinking {unknown}
Potions
 d - a potion of might
 g - 2 potions of heal wounds {unknown}
 j - 5 potions of curing
 l - a potion of haste
 m - 4 potions of enlightenment {unknown}
 p - a potion of invisibility {unknown}
 u - 2 potions of attraction
 A - 2 potions of brilliance


   Skills:
 + Level 13.5 Fighting
 + Level 14.5 Maces & Flails
 + Level 13.4 Armour
 - Level 8.0 Shields


You had 12 spell levels left.
You didn't know any spells.
Your spell library contained the following spells:

 Spells                   Type           Power      Damage    Failure   Level
 Ensorcelled Hibernation  Hex/Ice        0%         N/A       87%         2
 Static Discharge         Conj/Air       0%         3-3/arc   87%         2
 Passwall                 Erth           0%         N/A       98%         3
 Swiftness                Air            0%         N/A       98%         3
 Airstrike                Air            0%         2d(0-16)  100%        4
 Summon Lightning Spire   Summ/Air       0%         N/A       100%        4


Dungeon Overview and Level Annotations

Branches:
Dungeon (12/15)            Temple (1/1) D:4            Lair (2/5) D:10
  Swamp (0/4) Lair:2       Spider (0/4) Lair:2          Orc (0/2) D:10

Altars:
Ashenzari
Cheibriados
Dithmenos
Elyvilon
Fedhas
Gozag
Hepliaklqana
Kikubaaqudgha
Makhleb
Nemelex Xobeh
Okawaru
Qazlal
Ru
Sif Muna
Trog
Uskayaw
Vehumet
Wu Jian
Xom
Yredelemnul
Zin
The Shining One


Innate Abilities, Weirdness & Mutations

Your life essence is reduced to manifest your ancestor. (-10% HP)
You are immune to sickness and miasma.
Your stone body is resilient. (AC +9)
You are immune to poison.
You resist negative energy. (rN+)
You are resistant to electric shocks. (rElec)
You are resistant to unholy torment.
You are immune to petrification.


Message History

The forest starts to sway and rumble!
You bludgeon the hornet!! You freeze the hornet!
You kill the hornet!
You hear a shout!
You hear an angry buzzing noise.
A root smacks you from below!
A root smacks Anya from below!
A hornet comes into view.
A spriggan druid comes into view. It is wielding a +0 quarterstaff.
You barely miss the spriggan druid. A tree reaches out and hits you!
A tree reaches out but misses Anya.
The spriggan druid hits you but does no damage.
Anya hits the spriggan druid with a +0 quarterstaff!
The spriggan druid hits you but does no damage.
You completely miss the spriggan druid.
The spriggan druid is moderately wounded.
You are hit by a branch!!
Anya is hit by a branch!
You are too injured to fight recklessly!
You are too injured to fight recklessly!
Unknown command.
You feel roots moving beneath the ground.
A tree reaches out and hits Anya!!
Anya is destroyed!
A root smacks you from below!
The spriggan druid hits you but does no damage.
The spriggan druid barely misses you.
You puncture the spriggan druid! You freeze the spriggan druid.
The spriggan druid is lightly wounded.
The spriggan druid hits you but does no damage.
Unknown command.
You sock the spriggan druid! You freeze the spriggan druid.
The spriggan druid is moderately wounded.
A root smacks you from below!
The spriggan druid hits you but does no damage.
Unknown command.
A root smacks you from below!
* * * LOW HITPOINT WARNING * * *
The spriggan druid hits you with a +0 quarterstaff!
* * * LOW HITPOINT WARNING * * *
Tree limbs sway around you.
You are hit by a branch!
You die...

...........#.##..<.###..##.......
..........##.##..........#.#....8
.........P#####............#.....
..........P# #....#####......8..
...........#####....#####..##....
..........##P#P#..#.P......#....8
.................................
.......♣♣♣♣♣♣♣♣♣♣...#.#! .....##.
....)..♣ ♣♣..@♣#..## #...# ##
...####♣ ♣.ii♣♣...##. .8.. ...#
♣h..♣♣.....##... #..#
♣§§.§.y♣♣♣♣....##.#.## #..P#
♣§§...♣. ♣(....#....# #...#
♣♣§§§♣ .. ♣.....#....### #.....
♣♣.§ ...♣.....#......### #...P##
♣.§ .♣♣♣............... #...P# ♣.
.. ♣....#......###.


You could see 2 spriggan druids, a hornet and a black bear.

Vanquished Creatures
  2 catoblepae (Lair:1)
  3 two-headed ogres
  A boulder beetle (Lair:2)
  3 skeletal warriors
  A deep elf pyromancer (D:12)
  4 cane toads
  An unseen horror (D:9)
  3 gargoyles
  A rime drake (Lair:2)
  4 trolls
  10 blink frogs
  A hornet (Lair:2)
  2 shadows (D:12)
  2 wyverns (D:10)
  A wraith (D:11)
  15 yaks
  A vampire (D:9)
  Eustachio (D:4)
  A steam dragon (D:8)
  6 vampire mosquitoes
  6 water moccasins
  2 acid dragons
  Duvessa (D:4)
  An ice beast (D:8)
  3 orc warriors
  6 wolves
  5 ogres (D:10)
  3 centaurs
  5 kobold brigands
  6 bullfrogs
  4 scorpions (Lair:2)
  A gnoll sergeant (D:10)
  3 wights (D:8)
  Dowan (D:4)
  5 howler monkeys
  A hound (D:4)
  5 orc priests
  Crazy Yiuf (D:4)
  8 orc wizards
  2 sleepcaps
  An iguana (D:4)
  Robin (D:2)
  7 gnolls
  10 adders
  A river rat (D:4)
  2 ribbon worms
  2 dart slugs
  28 orcs
  7 endoplasms
  5 giant cockroaches
  11 goblins
  9 hobgoblins
  4 jackals (D:2)
  2 quokkas
  4 ball pythons
  6 bats
  4 frilled lizards
  14 kobolds
  8 rats
258 creatures vanquished.

Vanquished Creatures (collateral kills)
  A skyshark (Lair:2)
  A skeletal warrior (D:11)
  A black mamba (Lair:2)
  A cane toad (Lair:1)
  A komodo dragon (Lair:2)
  A rime drake (Lair:2)
  4 blink frogs
  A wraith (D:11)
  2 yaks
  A warg (D:10)
  2 water moccasins (Lair:2)
  5 wolves
  A bullfrog (Lair:2)
  A scorpion (Lair:2)
  3 orcs
  2 kobolds
28 creatures vanquished.

Vanquished Creatures (others)
  An ancestor (D:10)
  6 battlemagi
  A giant cockroach (D:4)
8 creatures vanquished.

Grand Total: 294 creatures vanquished

Notes
Turn   | Place    | Note
-------+----------+-------------------------------------------
     0 | D:1      | Doomgape the Gargoyle Fighter began the quest for the Orb.
     0 | D:1      | Reached XP level 1. HP: 14/14 MP: 1/1
   212 | D:1      | Reached XP level 2. HP: 16/19 MP: 2/2
   748 | D:1      | Reached XP level 3. HP: 23/23 MP: 3/3
   812 | D:1      | Found a faded altar of an unknown god.
  1268 | D:2      | Noticed Robin
  1300 | D:2      | Killed Robin
  1301 | D:2      | Reached XP level 4. HP: 18/29 MP: 4/4
  1492 | D:2      | Reached skill level 3 in Maces & Flails
  1492 | D:2      | Reached XP level 5. HP: 14/33 MP: 5/5
  2523 | D:3      | Identified the +1 falchion "Tyijide" {speed, rPois}
  2712 | D:4      | Found a sparkling altar of Nemelex Xobeh.
  2731 | D:4      | Reached XP level 6. HP: 30/39 MP: 6/6
  2797 | D:4      | Found a runed translucent door.
  2798 | D:4      | Noticed Crazy Yiuf
  2804 | D:4      | Killed Crazy Yiuf
  2980 | D:4      | Noticed Eustachio
  3050 | D:4      | Killed Eustachio
  3051 | D:4      | Reached skill level 5 in Fighting
  3051 | D:4      | Reached skill level 5 in Armour
  3051 | D:4      | Reached skill level 5 in Shields
  3051 | D:4      | Reached XP level 7. HP: 29/44 MP: 7/7
  3249 | D:4      | Noticed Duvessa
  3249 | D:4      | Noticed Dowan
  3265 | D:4      | Reached skill level 4 in Maces & Flails
  3274 | D:4      | Killed Duvessa
  3298 | D:4      | Killed Dowan
  3315 | D:4      | Found a glowing drain.
  3383 | D:4      | Identified the +1 robe "Omuq" {rCorr Str+3 Int+3 Dex-3}
  3478 | D:4      | Found a staircase to the Ecumenical Temple.
  3656 | Temple   | Entered the Ecumenical Temple
  3662 | Temple   | Became a worshipper of Hepliaklqana the Forgotten
  3693 | D:5      | Entered Level 5 of the Dungeon
  3795 | D:5      | You fall into a shaft and drop 3 floors!
  3896 | D:8      | Reached XP level 8. HP: 45/51 MP: 8/8
  4133 | D:8      | Reached skill level 5 in Maces & Flails
  4698 | D:9      | Noticed a two-headed ogre
  4707 | D:9      | Killed a two-headed ogre
  4708 | D:9      | Reached skill level 6 in Maces & Flails
  4708 | D:9      | Reached XP level 9. HP: 29/57 MP: 9/9
  5112 | D:9      | Reached * piety under Hepliaklqana
  5253 | D:9      | Found a bloodstained altar of Trog.
  5253 | D:9      | Found an opulent altar of Gozag.
  5298 | D:9      | Reached skill level 7 in Maces & Flails
  5460 | D:9      | Killed an unseen horror
  5461 | D:9      | Reached XP level 10. HP: 24/58 MP: 10/10
  5887 | D:10     | Entered Level 10 of the Dungeon
  6186 | D:10     | Noticed a two-headed ogre
  6194 | D:10     | Killed a two-headed ogre
  6195 | D:10     | Reached skill level 8 in Maces & Flails
  6212 | D:10     | Reached ** piety under Hepliaklqana
  6241 | D:10     | Remembered your ancestor Anya as a battlemage
  6252 | D:10     | Found a staircase to the Lair.
  6369 | D:10     | Found an ornate altar of the Wu Jian Council.
  6370 | D:10     | Found a radiant altar of Vehumet.
  6697 | D:10     | Found a staircase to the Orcish Mines.
  6734 | D:10     | Reached skill level 10 in Fighting
  6734 | D:10     | Reached skill level 10 in Armour
  6751 | D:10     | Reached XP level 11. HP: 20/64 MP: 11/11
  6917 | D:10     | Identified a scroll of acquirement
  6917 | D:10     | Acquired a manual of Maces & Flails
  7072 | D:11     | Reached skill level 9 in Maces & Flails
  7540 | D:12     | Noticed a deep elf pyromancer
  7555 | D:12     | Reached skill level 10 in Maces & Flails
  7572 | D:12     | Killed a deep elf pyromancer
  7714 | D:12     | Noticed a skeletal warrior
  7714 | D:12     | Noticed a skeletal warrior
  7716 | D:12     | Noticed a skeletal warrior
  7719 | D:12     | Noticed a skeletal warrior
  7721 | D:12     | Killed a skeletal warrior
  7777 | D:11     | HP: 3/66 [skeletal warrior/+0 broad axe (3)]
  7779 | D:11     | Killed a skeletal warrior
  8050 | D:10     | Killed a skeletal warrior
  8051 | D:10     | Reached skill level 11 in Maces & Flails
  8175 | D:11     | Killed a skeletal warrior
  8585 | D:12     | Reached *** piety under Hepliaklqana
  8675 | D:12     | Noticed a two-headed ogre
  8683 | D:12     | Killed a two-headed ogre
  8833 | D:12     | Reached XP level 12. HP: 52/72 MP: 12/12
  8836 | D:12     | Noticed a tengu warrior
  8938 | Lair:1   | Entered Level 1 of the Lair of Beasts
  8966 | Lair:1   | Noticed a catoblepas
  8977 | Lair:1   | Killed a catoblepas
  8978 | Lair:1   | Reached skill level 12 in Maces & Flails
  9112 | Lair:1   | Noticed a catoblepas
  9118 | Lair:1   | Killed a catoblepas
  9427 | Lair:1   | Reached skill level 13 in Maces & Flails
  9746 | Lair:2   | Noticed a boulder beetle
  9755 | Lair:2   | Killed a boulder beetle
  9877 | Lair:2   | Acquired the ring "Saledub" {rElec rF+ Will+ Str+4}
  9946 | Lair:2   | Noticed a skyshark
  9955 | Lair:2   | Killed a skyshark
  9956 | Lair:2   | Reached skill level 14 in Maces & Flails
 10028 | Lair:2   | Reached XP level 13. HP: 79/79 MP: 13/13
 10144 | Lair:2   | Reached **** piety under Hepliaklqana
 10158 | Lair:2   | Found a hole to the Spider Nest.
 10303 | Lair:2   | Found a staircase to the Swamp.
 10313 | Lair:2   | Killed from afar by a spriggan druid

Illustrated notes

Levels and vault maps discovered:
D:1:      dpeg_arrival_circle_labyrinth_b, layout_basic,
          shapermc_ecumenical_altar_acropolis, solitary_fountain,
          minmay_tree_intersection, due_unseen_surprise
D:2:      layout_basic, uniq_robin
D:3:      layout_loops_ring, minmay_misc_feat_five
D:4:      layout_rooms, nemelex_spade_bored_becter, minmay_temple_entry_fiery,
          portal_sewer_entry_b, chequers_big_river, uniq_crazy_yiuf_cottage,
          uniq_duvessa, uniq_eustachio
D:5:      layout_layer_cave, serial_shops, nicolae_shop_advertising_works
          [nicolae_subvault_shop_adworks]
D:8:      layout_basic, chequers_garden, feat_on_display
D:9:      layout_long_grid, gammafunk_temple_overflow_elements
D:10:     layout_loops_corners, grunt_temple_overflow_open,
          erik_lair_orcish_takeover, kennysheep_orc_monster_closet_entryway
D:11:     layout_roguey
D:12:     layout_roguey, lightli_corner_chamber
Temple:   sentei_temple_godly_chess
Lair:1:   layout_roguey, serial_bayou_shore_a, serial_bayou_shore_b
Lair:2:   layout_gridlike, mainiacjoe_swamp_entry_angry_trees,
          nicolae_spider_entry_non_spiders, hangedman_lair_unloving_vines,
          minivault_23, chequers_serial_rivers_room_a, grunt_megastairs_4

Skill      XL: |  1  2  3  4  5  6  7  8  9 10 11 12 |
---------------+-------------------------------------+-----
Shields        | 4 5 7 8 |  8.0
Fighting       | 4 5 7 8 10 11 13 | 13.5
Armour         | 4 5 7 8 10 11 13 | 13.4
Maces & Flails | 3 4 6 7 8 11 14 | 14.5

Action                     |  1- 3 |  4- 6 |  7- 9 | 10-12 | 13-15 || total
---------------------------+-------+-------+-------+-------+-------++-------
  Melee: Flail             |    95 |   207 |   142 |       |       ||   444
         Dire flail        |       |       |   117 |   392 |    38 ||   547
 Invoke: Ancestor Identity |       |       |     1 |       |       ||     1
         Ancestor Life: Ba |       |       |       |     1 |       ||     1
  Evoke: Wand              |       |       |     3 |     5 |       ||     8
    Use: Scroll            |     2 |     3 |     6 |     3 |       ||    14
         Potion            |       |       |     5 |     2 |       ||     7
   Stab: Distracted        |       |       |       |     4 |       ||     4
         Petrified         |       |       |       |     1 |       ||     1
 Armour: Scale mail        |    93 |    85 |       |       |       ||   178
         Chain mail        |       |   198 |   256 |   323 |    17 ||   794
  Dodge: Dodged            |    64 |   131 |   117 |   139 |    15 ||   466
  Block: Buckler           |    31 |    76 |    38 |       |       ||   145
